 Dungeon Crawl Stone Soup version 0.26-a0-1139-g7d2dc893a1 (webtiles) character file.

Game seed: 225939721631496630

26 night the Chiller (level 2, 0/21 HPs)
             Began as a Demonspawn Ice Elementalist on Dec 21, 2020.
             Slain by a hobgoblin
             ... wielding a +0 club
              (2 damage)
             ... on level 2 of the Dungeon.
             The game lasted 00:02:41 (1669 turns).

night the Chiller (Demonspawn Ice Elementalist)     Turns: 1669, Time: 00:02:42

Health: 0/21       AC:  3    Str:  8    XL:     2   Next: 89%
Magic:  3/5        EV: 12    Int: 16    God:
Gold:   43         SH:  0    Dex: 13    Spells: 5/6 levels left

rFire    . . .     SeeInvis .   (no weapon)
rCold    . . .     Faith    .   (no shield)
rNeg     . . .     Spirit   .   a - +0 robe
rPois    .         Reflect  .   (no helmet)
rElec    .         Harm     .   (no cloak)
rCorr    .         Rampage  .   (no gloves)
Will     .....                  g - +0 pair of boots
Stlth    ++........             (no amulet)
HPRegen  0.07/turn              (no ring)
MPRegen  0.09/turn              (no ring)

@: no status effects
A: claws 1
a: no special abilities


You were on level 2 of the Dungeon.
You visited 1 branch of the dungeon, and saw 2 of its levels.

You collected 43 gold pieces.

Inventory:

Missiles
 b - 18 sling bullets
 c - 30 stones
 e - 18 arrows
Armour
 a - a +0 robe (worn)
 g - a +0 pair of boots (worn)
Scrolls
 d - a scroll of remove curse {unknown}
 h - a scroll of fog {unknown}
 j - 2 scrolls of identify {unknown}
 k - a scroll of amnesia {unknown}
 m - a scroll of enchant weapon {unknown}
Potions
 f - a potion of brilliance {unknown}
 i - a potion of degeneration {unknown}
 l - a potion of ambrosia {unknown}


   Skills:
 * Level 1.2 Fighting
 - Level 1.7 Dodging
 - Level 1.7 Stealth
 + Level 0.1 Unarmed Combat
 * Level 2.5 Spellcasting
 * Level 3.9 Ice Magic


You had 5 spell levels left.
You knew the following spells:

 Your Spells              Type           Power        Failure   Level
a - Freeze                Ice            56%          4%          1

Your spell library contained the following spells:

 Spells                   Type           Power        Failure   Level
 Frozen Ramparts          Ice            28%          12%         3
 Ozocubu's Armour         Ice            14%          12%         3
 Hailstorm                Conj/Ice       8%           65%         4
 Summon Ice Beast         Ice/Summ       8%           65%         4


Dungeon Overview and Level Annotations

Branches:
Dungeon (2/15)

Altars:


Innate Abilities, Weirdness & Mutations

You have sharp fingernails.


Message History

The worm bites you!
* * * LOW HITPOINT WARNING * * *
You see here a kobold corpse.
The quokka bites you.
* * * LOW HITPOINT WARNING * * *
Found 8 poisoned darts.
Really walk into that teleport trap?
You enter a teleport trap!
The teleport trap disappears.
Your surroundings suddenly seem different.
A hobgoblin comes into view. It is wielding a +0 club.
Found a stone staircase leading down.
Casting: Freeze (safe; 4% risk of failure)
Confirm with . or Enter, or press ? or * to list all spells.
Aiming: Freeze (safe; 4% risk of failure)
Press: ? - help, Shift-Dir - straight line, f - hobgoblin
Aim: a hobgoblin, wielding a +0 club You freeze the hobgoblin.
The hobgoblin is lightly wounded.
The hobgoblin hits you with a +0 club.
You die...

..#
###.#
##.#.#
..#.#
####...#
......+
#..g#
#@# #.#
#>. #...
###..
... ...#
..#


You could see a hobgoblin.

Vanquished Creatures
  A dart slug (D:1)
  3 goblins (D:1)
  4 hobgoblins
  5 kobolds
  5 bats
  2 frilled lizards
  3 rats (D:1)
23 creatures vanquished.

Notes
Turn   | Place    | Note
-------+----------+-------------------------------------------
     0 | D:1      | night the Demonspawn Ice Elementalist began the quest for
                  | the Orb.
     0 | D:1      | Reached XP level 1. HP: 13/13 MP: 3/3
   337 | D:1      | Gained mutation: You have sharp fingernails. [demonic
                  | ancestry]
   337 | D:1      | Reached XP level 2. HP: 20/20 MP: 3/5
   646 | D:1      | Reached skill level 1 in Fighting
  1666 | D:2      | HP: 2/21 [quokka (2)]
  1669 | D:2      | Slain by a hobgoblin

Illustrated notes

Levels and vault maps discovered:
D:1:      minmay_arrival_five_plusses, layout_loops_corners,
          minmay_misc_feat_ornament
D:2:      layout_basic, serial_curves, eino_curves_03, eino_curves_04,
          eino_curves_04, uniq_jessica

Skill      XL: |  1  2 |
---------------+-------+-----
Fighting       | 1 |  1.2
Dodging        | |  1.7
Stealth        | |  1.7
Unarmed Combat | |  0.1
Spellcasting   | |  2.5
Ice Magic      | |  3.9

Action                   || total
-------------------------++-------
Melee: Unarmed           ||     9
 Cast: Freeze            ||    44
 Stab: Sleeping          ||     1
Armor: Robe              ||    13
Dodge: Dodged            ||    21

Table legend: (Time is in decaauts)
 A = Elapsed time spent in this place.
 B = Non-inter-level travel time spent in this place.
 C = Inter-level travel time spent in this place.
 D = Time resting spent in this place.
 E = Time spent auto-exploring this place.
 F = Levels seen in this place.
 G = Mean time per level.
                   A        B        C        D        E       F      G
               +--------+--------+--------+--------+--------+-----+--------+
         Total |   1669 |   1631 |     38 |    504 |    894 |   2 |  834.5 |
       Dungeon |   1669 |   1631 |     38 |    504 |    894 |   2 |  834.5 |
               +--------+--------+--------+--------+--------+-----+--------+

Top non-repeatable levels by time:
     D:1: 1153 daAuts
     D:2: 516 daAuts
